 Dungeon Crawl Stone Soup version 0.24.0-10-g970556be89 (webtiles) character file.

Game seed: 6683472041116099060, levelgen mode: deterministic

67074 Folque011 the Destroyer (level 14, -7/102 HPs)
             Began as a Demigod Conjurer on Nov 1, 2019.
             Mangled by a spriggan rider
             ... wielding a +0 spear
              (12 damage)
             ... on level 2 of the Swamp on Nov 3, 2019.
             The game lasted 02:43:00 (31498 turns).

Folque011 the Destroyer (Demigod Conjurer)         Turns: 31498, Time: 02:43:00

Health: -7/102     AC: 15    Str: 17    XL:     14   Next: 41%
Magic:  3/31       EV: 17    Int: 28    God:
Gold:   1693       SH:  8    Dex: 16    Spells: 9/29 levels left

rFire    . . .     SeeInvis +   H - staff of air
rCold    . . .     Gourm    .   S - +0 buckler
rNeg     . . .     Faith    .   C - +0 acid dragon scales
rPois    .         Spirit   .   N - +1 hat {MR+}
rElec    +         Reflect  +   t - +1 cloak
rCorr    +         Harm     .   T - +2 pair of gloves
MR       ++...                  (no boots)
Stlth    +.........             r - +3 amulet of reflection
HPRegen  0.27/turn              I - ring of Suicidal Tendencies {AC+2 Str+4 SInv}
MPRegen  0.22/turn              B - +3 ring of intelligence

@: very slightly contaminated, very slow
A: high mp 1
a: no special abilities


You were on level 2 of the Swamp.
You were hungry.

You visited 3 branches of the dungeon, and saw 20 of its levels.
You also visited: Sewer.

You collected 1769 gold pieces.
You spent 76 gold pieces at shops.

Inventory:

Hand Weapons
 L - a +3 whip of venom
 Z - a +2 morningstar of freezing
Missiles
 q - 38 poisoned darts (quivered)
 F - 15 boomerangs
Armour
 t - a +1 cloak (worn)
 C - +0 acid dragon scales (worn)
 N - a +1 hat of magic resistance (worn)
 S - a +0 buckler (worn)
 T - a +2 pair of gloves (worn)
 U - a +0 shield
Magical Staves
 p - an uncursed staff of fire
 H - an uncursed staff of air (weapon)
Jewellery
 o - an uncursed ring of wizardry
 r - a +3 amulet of reflection (around neck)
 u - an uncursed ring of ice
 v - an uncursed ring of positive energy
 B - a +3 ring of intelligence (right hand)
 D - an uncursed ring of fire
 I - the ring of Suicidal Tendencies (left hand) {AC+2 Str+4 SInv}
   (You found it on level 6 of the Dungeon)

   [ring of protection]

   It affects your AC (+2).
   It affects your strength (+4).
   It lets you see invisible.
Wands
 e - a wand of enslavement (2)
 A - a wand of iceblast (7)
 E - a wand of digging (4)
 G - a wand of flame (28)
 K - a wand of disintegration (8)
 P - a wand of acid (15)
 R - a wand of random effects (20)
 X - a wand of scattershot (1)
Scrolls
 a - 4 scrolls of remove curse
 b - 5 scrolls of identify
 g - 4 scrolls of enchant weapon
 h - 5 scrolls of fog
 k - 2 scrolls of teleportation
 w - 3 scrolls of enchant armour
 M - a scroll of fear
 W - a scroll of silence {unknown}
Potions
 f - 2 potions of magic {unknown}
 i - 2 potions of agility
 j - 4 potions of might
 l - 3 potions of flight {unknown}
 m - 2 potions of resistance {unknown}
 n - 2 potions of brilliance {unknown}
 x - 2 potions of haste
 z - 4 potions of curing
 J - a potion of berserk rage {unknown}
 O - a potion of ambrosia
 Q - a potion of cancellation
Miscellaneous
 V - a crystal ball of energy
 Y - a phial of floods (inert)
Comestibles
 c - 29 rations


   Skills:
 - Level 3.0 Fighting
 - Level 3.0 Throwing
 - Level 5.0 Armour
 - Level 8.5 Dodging
 - Level 1.7 Stealth
 - Level 4.0 Shields
 - Level 8.3 Spellcasting
 + Level 13.0 Conjurations
 * Level 8.2 Hexes
 - Level 5.1 Summonings
 - Level 6.2 Translocations
 - Level 9.0 Air Magic
 - Level 4.1 Evocations


You had 9 spell levels left.
You knew the following spells:

 Your Spells              Type           Power        Failure   Level  Hunger
a - Lightning Bolt        Conj/Air       #######...   1%          5    ####...
b - Searing Ray           Conj           ######       1%          2    None
c - Summon Lightning Spi  Summ/Air       ######..     3%          4    #......
d - Fulminant Prism       Conj/Hex       ######....   1%          4    #......
e - Force Lance           Conj/Tloc      ######..     1%          4    #......
f - Summon Butterflies    Summ           #####...     1%          1    None

Your spell library contained the following spells:

 Spells                   Type           Power        Failure   Level  Hunger
 Apportation              Tloc           #####.       1%          1    None
 Magic Dart               Conj           ####         1%          1    None
 Shock                    Conj/Air       ####         1%          1    None
 Summon Small Mammal      Summ           ####         1%          1    None
 Call Imp                 Summ           #####...     1%          2    None
 Swiftness                Chrm/Air       ######..     1%          2    None
 Dazzling Spray           Conj/Hex       ######       1%          3    None
 Lesser Beckoning         Tloc           #####.....   1%          3    None
 Static Discharge         Conj/Air       #######.     1%          3    None
 Summon Guardian Golem    Hex/Summ       #####...     1%          3    None
 Tukima's Dance           Hex            ######..     1%          3    None
 Airstrike                Air            #######...   1%          4    #......
 Iskenderun's Mystic Bla  Conj           ######..     1%          4    #......
 Call Canine Familiar     Summ           #####...     2%          3    None
 Beastly Appendage        Tmut           ##....       6%          1    None
 Sticks to Snakes         Tmut           ##......     10%         2    None
 Spider Form              Tmut/Pois      ##........   19%         3    None
 Summon Ice Beast         Ice/Summ       ####....     22%         4    #......
 Invisibility             Hex            ######..     32%         6    ######.
 Ice Form                 Ice/Tmut       ##......     52%         4    #......
 Alistair's Intoxication  Tmut/Pois      ##......     86%         5    ####...
 Blade Hands              Tmut           ##........   86%         5    ####...


Dungeon Overview and Level Annotations

Branches:
Dungeon (12/15)            Temple (0/1) D:5            Lair (6/6) D:10
  Swamp (2/4) Lair:4       Spider (0/4) Lair:3        Slime (0/5) Lair:5
    Orc (0/2) D:12          Sewer (visited)

Shops:
D:4 :   D:5 ?   D:7 ((   D:8 *

Annotations:
Lair:4 2 runed translucent doors, Vufrucs's ghost, journeyman DrTm


Innate Abilities, Weirdness & Mutations

You have an increased reservoir of magic. (+10% MP)


Message History

The spriggan rider hits you from afar with a +0 spear.
* * * LOW HITPOINT WARNING * * *
Evoke which item? (* to show all) (? for menu, Esc to quit)
Aiming: Disintegrate
Press: ? - help, Shift-Dir - straight line, f - spriggan rider
Aim: a spriggan rider, wielding a +0 spear and wearing a +0 buckler (moderately wounded, chance to defeat MR: 17%)
Okay, then.
Evoke which item? (* to show all) (? for menu, Esc to quit)
Aim the phial where?
Press: ? - help, Shift-Dir - straight line, f - spriggan rider
Aim: a spriggan rider, wielding a +0 spear and wearing a +0 buckler (moderately wounded)
The spriggan rider blocks the torrent of water.
The wave splashes down.
The water rises up and takes form.
You hear a shout!
The spriggan rider hits you but does no damage.
You enter the shallow water.
Moving in this stuff is going to be slow.
Your water elemental completely misses the spriggan rider.
The spriggan rider hits you from afar with a +0 spear!
You die...

♣≈♣≈§≈≈.♣♣...≈≈≈... ♣.
♣.≈≈.≈≈≈≈♣♣.....≈♣ ♣♣
♣...≈≈≈..♣.≈≈.≈♣ ♣♣ ♣
♣.≈≈≈§.≈≈≈≈.♣ ♣♣≈♣♣♣ ♣
♣.≈.≈≈≈≈..♣ ♣♣♣♣♣..♣≈≈
≈.≈♣♣.≈.≈(≈≈÷♣♣ ♣♣♣......≈.≈≈
.≈≈.≈≈≈.(≈†≈(.♣ ♣≈.≈≈≈≈.♣≈.≈≈
≈≈≈≈≈≈≈≈(≈i...♣♣♣≈>≈≈≈≈....≈≈
.≈≈≈.≈≈≈≈≈≈E@.♣♣≈.≈≈≈≈≈≈....≈
≈≈...≈≈≈....÷.♣♣..≈≈≈≈≈....<.
....≈≈≈≈.§≈≈...≈.≈≈≈≈≈≈≈≈≈≈[.
!.≈.≈≈≈..≈♣≈♣♣♣♣.≈≈≈≈..≈.≈≈.<
...........♣♣ ♣♣...≈≈≈≈≈≈..≈
♣..♣♣♣≈♣♣≈.. ♣♣≈§.≈≈≈≈≈..≈
♣≈≈ ♣≈ ♣.≈≈. ♣....≈≈≈≈≈...
♣.≈ ♣♣≈(♣.≈≈..≈♣♣
♣♣♣♣≈...§♣♣♣


You could see a spriggan rider and a friendly water elemental.

Vanquished Creatures
  Gastronok (D:11)
  A frost giant (D:12)
  A dire elephant (Lair:5)
  9 hydras
  A merfolk avatar (Lair:6)
  3 alligators
  A two-headed ogre (D:10)
  A lindwurm (Lair:5)
  An orb spider (Lair:3)
  2 ugly things
  A manticore (Lair:6)
  2 cyclopes
  18 elephants
  3 black mambas
  A gargoyle (D:10)
  2 torpor snails (Lair:5)
  9 spiny frogs
  A kobold demonologist (D:11)
  3 rime drakes (Lair:6)
  6 komodo dragons
  2 trolls
  3 polar bears (Lair:6)
  A queen bee (D:9)
  A tyrant leech (Swamp:2)
  24 blink frogs
  5 hornets
  10 hippogriffs
  11 dream sheep
  2 bog bodies
  4 spriggans
  6 wyverns
  41 yaks
  2 basilisks
  2 wraiths
  4 hungry ghosts
  A steam dragon (Lair:2)
  3 vampire mosquitoes (Swamp:2)
  6 swamp worms
  5 insubstantial wisps (Swamp:1)
  Menkaure (D:4)
  An acid dragon (D:10)
  12 water moccasins
  11 porcupines
  3 swamp drakes
  2 ice beasts
  3 sky beasts
  4 orc warriors
  2 black bears
  A necrophage (D:11)
  An eye of draining (D:9)
  4 phantoms
  4 wolves (Lair:3)
  6 centaurs
  5 ogres
  13 crocodiles
  2 big kobolds
  Blork the orc (D:4)
  15 bullfrogs
  A gnoll sergeant (D:8)
  A wyvern skeleton (D:7)
  A scorpion (D:9)
  34 killer bees
  11 wights
  10 howler monkeys
  2 electric eels
  9 crimson imps
  2 bullfrog zombies
  2 quasits
  A centaur zombie (D:11)
  4 hounds
  2 jellies
  2 orc priests
  4 bullfrog skeletons
  2 centaur skeletons
  11 orc wizards
  A gnoll shaman (D:6)
  Natasha (thrice) (D:4)
  3 iguanas
  5 worker ants
  A killer bee zombie (D:7)
  A hound zombie (D:8)
  2 hound skeletons
  2 worker ant zombies
  Robin (D:4)
  20 gnolls
  A howler monkey zombie (D:9)
  A howler monkey skeleton (D:7)
  11 adders
  2 river rats (Sewer)
  3 shadow imps
  5 oozes (Sewer)
  An adder zombie (D:9)
  2 adder skeletons
  3 worms
  3 dart slugs
  6 leopard geckos
  50 orcs
  5 ball pythons
  5 giant cockroaches
  13 goblins
  13 hobgoblins
  6 jackals
  33 kobolds
  5 quokkas
  9 bats
  4 frilled lizards
  3 quokka skeletons
  22 rats
  6 fungi
  A plant (Lair:6)
642 creatures vanquished.

Vanquished Creatures (collateral kills)
  An alligator (Swamp:2)
  A spriggan (Swamp:2)
  A swamp dragon (Swamp:1)
  A harpy (Lair:6)
  2 ugly things (Swamp:2)
  9 elephants
  A spiny frog (Lair:6)
  2 komodo dragons (Lair:6)
  An efreet (D:12)
  A rime drake (Lair:6)
  A troll (D:9)
  A tyrant leech (Swamp:1)
  A hornet (Swamp:2)
  4 polar bears (Lair:6)
  2 dream sheep (Lair:6)
  A yak (Lair:6)
  A steam dragon (D:9)
  A swamp worm (Swamp:1)
  An orc warrior (D:12)
  2 centaurs (D:12)
  An orc priest (D:9)
  An orc wizard (D:12)
  An orc (D:9)
  A fulminant prism (Lair:4)
  A fungus (Lair:5)
40 creatures vanquished.

Vanquished Creatures (others)
  An elephant (Lair:5)
  An adder (D:9)
  89 fulminant prisms
  104 fungi
  52 plants
247 creatures vanquished.

Grand Total: 929 creatures vanquished

Notes
Turn   | Place    | Note
-------+----------+-------------------------------------------
     0 | D:1      | Folque011 the Demigod Conjurer began the quest for the Orb.
     0 | D:1      | Reached XP level 1. HP: 14/14 MP: 5/5
   342 | D:1      | Reached XP level 2. HP: 20/20 MP: 7/7
   524 | D:1      | Learned a level 2 spell: Searing Ray
  1272 | D:2      | Reached XP level 3. HP: 22/26 MP: 9/9
  1308 | D:2      | Reached skill level 4 in Conjurations
  1386 | D:2      | Found an iron altar of Okawaru.
  1582 | D:2      | Found a glowing golden altar of the Shining One.
  1724 | D:2      | Found a basalt altar of Yredelemnul.
  2092 | D:3      | Found a snail-covered altar of Cheibriados.
  2102 | D:3      | Learned a level 3 spell: Dazzling Spray
  2108 | D:3      | Reached XP level 4. HP: 25/33 MP: 4/11
  2537 | D:4      | Found a glowing drain.
  2614 | Sewer    | Entered a sewer
  2683 | Sewer    | Learned a level 4 spell: Force Lance
  2827 | Sewer    | Reached XP level 5. HP: 28/38 MP: 3/13
  2952 | Sewer    | Reached skill level 1 in Hexes
  3911 | D:4      | Noticed Robin
  3919 | D:4      | Killed Robin
  3919 | D:4      | Reached XP level 6. HP: 43/45 MP: 1/14
  3961 | D:4      | Reached skill level 5 in Conjurations
  4136 | D:4      | Noticed Menkaure
  4333 | D:4      | Noticed Blork the orc
  4344 | D:4      | Killed Blork the orc
  4466 | D:4      | Noticed Natasha
  4473 | D:4      | Killed Natasha
  4553 | D:4      | Noticed Natasha
  4559 | D:4      | Killed Natasha
  4559 | D:4      | Reached XP level 7. HP: 50/50 MP: 6/15
  4654 | D:4      | Reached skill level 1 in Translocations
  4781 | D:4      | Killed Menkaure
  4781 | D:4      | Reached skill level 1 in Armour
  4825 | D:4      | Found a sparkling altar of Nemelex Xobeh.
  5008 | D:4      | Found Vyt Muid's Book Shoppe.
  5050 | D:4      | Found a shimmering altar of Xom.
  5053 | D:4      | Found a shattered altar of Ashenzari.
  5112 | D:4      | Noticed a moth of wrath
  5115 | D:4      | Found a bloodstained altar of Trog.
  5342 | D:5      | Entered Level 5 of the Dungeon
  5353 | D:5      | Learned a level 4 spell: Fulminant Prism
  5361 | D:5      | Found a hazy altar of Hepliaklqana.
  5417 | D:5      | Found a staircase to the Ecumenical Temple.
  5722 | D:5      | Found Cagrirua's Magic Scroll Shop.
  5916 | D:6      | Reached skill level 5 in Hexes
  5955 | D:6      | Found a bloodstained altar of Trog.
  5985 | D:6      | Reached skill level 6 in Conjurations
  5985 | D:6      | Reached XP level 8. HP: 57/57 MP: 9/17
  5997 | D:6      | Found a stormy altar of Qazlal.
  6029 | D:6      | Got a flickering bone ring
  6030 | D:6      | Identified the ring of Suicidal Tendencies {AC+2 Str+4
                  | SInv} (You found it on level 6 of the Dungeon)
  6075 | D:6      | You fall into a shaft and drop 1 floor!
  6075 | D:7      | Noticed a hippogriff
  6117 | D:7      | Found Kicyrch's Weapon Shoppe.
  6308 | D:7      | Killed a hippogriff
  7013 | D:7      | Noticed a hippogriff
  7032 | D:6      | Killed a hippogriff
  7382 | D:7      | Reached skill level 1 in Evocations
  7382 | D:7      | Reached XP level 9. HP: 50/62 MP: 8/18
  7417 | D:7      | Reached skill level 7 in Conjurations
  7681 | D:7      | Found Elounuh's Weapon Shoppe.
  8547 | D:4      | Noticed Natasha
  8550 | D:4      | Killed Natasha
  8714 | D:8      | Found Dyjaqil's Assorted Antiques.
  9008 | D:8      | Reached skill level 5 in Armour
  9238 | D:8      | Found an ancient bone altar of Kikubaaqudgha.
  9349 | D:8      | Learned a level 1 spell: Summon Butterflies
  9825 | D:9      | Reached skill level 8 in Conjurations
 10021 | D:9      | Reached XP level 10. HP: 69/69 MP: 12/19
 10295 | D:9      | Reached skill level 5 in Translocations
 11110 | D:10     | Entered Level 10 of the Dungeon
 11198 | D:10     | Reached skill level 5 in Dodging
 11610 | D:10     | Found a staircase to the Lair.
 11629 | D:10     | Reached skill level 1 in Fighting
 11925 | D:10     | Noticed a two-headed ogre
 11927 | D:10     | Noticed a cyclops
 11942 | D:10     | Killed a two-headed ogre
 11942 | D:10     | Reached skill level 9 in Conjurations
 11942 | D:10     | Killed a cyclops
 12229 | D:10     | Reached XP level 11. HP: 73/80 MP: 20/20
 12392 | D:11     | Reached skill level 1 in Shields
 12564 | D:11     | Noticed Gastronok
 12733 | D:11     | Identified a scroll of acquirement
 12739 | D:11     | Learned a level 3 spell: Static Discharge
 12823 | D:11     | Reached skill level 1 in Air Magic
 13420 | D:11     | Upgraded the game from 0.24.0-5-g267a8d59f4 to
                  | 0.24.0-7-gb3623d2c88
 14457 | D:11     | Killed Gastronok
 14457 | D:11     | Reached skill level 10 in Conjurations
 14659 | D:12     | Reached skill level 5 in Air Magic
 15022 | D:5      | Bought a scroll of amnesia for 38 gold pieces
 15163 | Lair:1   | Entered Level 1 of the Lair of Beasts
 15573 | Lair:1   | Reached XP level 12. HP: 27/89 MP: 0/23
 15835 | Lair:1   | Learned a level 5 spell: Lightning Bolt
 16025 | Lair:1   | Noticed an eight-headed hydra
 16097 | Lair:1   | Reached skill level 5 in Spellcasting
 16474 | Lair:1   | Killed an eight-headed hydra
 16761 | Lair:1   | Found the +5 scythe "Finisher" {speed, eviscerate}
 16786 | Lair:1   | Noticed a seven-headed hydra
 16793 | Lair:1   | Killed a seven-headed hydra
 18526 | Lair:3   | Reached skill level 1 in Summonings
 18777 | Lair:3   | Found a hole to the Spider Nest.
 18832 | Lair:3   | Noticed a six-headed hydra
 19062 | Lair:3   | Reached skill level 11 in Conjurations
 19193 | Lair:3   | Killed a six-headed hydra
 19589 | D:5      | Bought a scroll of amnesia for 38 gold pieces
 19595 | D:5      | Learned a level 4 spell: Summon Lightning Spire
 19872 | Lair:4   | Noticed a four-headed hydra
 19881 | Lair:4   | Killed a four-headed hydra
 20453 | Lair:4   | Noticed a seven-headed hydra
 20529 | Lair:4   | Killed a seven-headed hydra
 21122 | Lair:4   | Found a large runed translucent door.
 21122 | Lair:4   | Found a large runed translucent door.
 21123 | Lair:4   | Noticed Vufrucs's ghost (journeyman DrTm)
 21532 | Lair:4   | Found a staircase to the Swamp.
 21800 | Lair:5   | Found a viscous altar of Jiyva.
 21800 | Lair:5   | Found a staircase to the Slime Pits.
 21821 | Lair:5   | Reached XP level 13. HP: 34/94 MP: 5/25
 22563 | Lair:5   | Reached skill level 5 in Summonings
 22921 | Lair:5   | Found a snail-covered altar of Cheibriados.
 22936 | Lair:5   | Reached skill level 12 in Conjurations
 23435 | Lair:5   | Reached skill level 1 in Throwing
 23607 | Lair:5   | Noticed a dire elephant
 23612 | Lair:5   | Upgraded the game from 0.24.0-7-gb3623d2c88 to
                  | 0.24.0-10-g970556be89
 23995 | Lair:5   | Killed a dire elephant
 24719 | Lair:6   | Entered Level 6 of the Lair of Beasts
 27277 | Lair:6   | Reached XP level 14. HP: 63/102 MP: 10/29
 28691 | D:12     | Found a staircase to the Orcish Mines.
 28970 | D:12     | Noticed a frost giant
 28993 | D:12     | Killed a frost giant
 29159 | Swamp:1  | Entered Level 1 of the Swamp
 31285 | Swamp:2  | Reached skill level 13 in Conjurations
 31495 | Swamp:2  | HP: 2/102 [spriggan rider/+0 spear (7)]
 31498 | Swamp:2  | Mangled by a spriggan rider

Levels and vault maps discovered:
D:1:      nicolae_arrival_washed_ashore, layout_basic, kennysheep_crisscross
D:2:      layout_rooms, lemuel_coloured_pillars_altar, tso_altar,
          nicolae_overflow_hidden_temple, minmay_misc_feat_doors
D:3:      layout_rooms, kennysheep_slug_shrine, solitary_fountain,
          kennysheep_generic_room_2
D:4:      layout_basic, minitemple, nemelex_xobeh_ov_fountains_minmay,
          first_ration, serial_shops, kennysheep_mini_moat,
          portal_sewer_entry_e, tgw_trog, uniq_natasha, uniq_menkaure,
          uniq_blork_the_orc, uniq_robin
D:5:      layout_basic, nicolae_overflow_crystal_walls,
          minmay_temple_entry_mini_moons, serial_shops, shop,
          lemuel_another_geyser
D:6:      layout_gridville, kennysheep_little_box, basic_altar
D:7:      layout_rooms, serial_shops, shop, shop, the_bakery,
          minmay_joined_circles
D:8:      layout_basic, kiku_gazebo_pond_becter, serial_shops,
          nicolae_shop_stone
D:9:      layout_loops_ring, special_room [special_room_bee]
D:10:     layout_basic, lair_entry_dummy, minmay_radiant
D:11:     layout_roguey, uniq_gastronok
D:12:     minmay_tearing_corner, layout_loops_ring, hiddenorc1_lemuel
Lair:1:   layout_long_grid, minivault_19, grunt_megastairs_4, lemuel_fruit_tree
Lair:2:   dpeg_oklob_shooting_range, layout_misc_corridors
Lair:3:   layout_chaotic_city, nicolae_spider_entry_orb_guardian,
          beast_lair_carwin_6
Lair:4:   layout_cave_pods, nicolae_swamp_entry_splash_gauntlet,
          ebering_ghost_disaster_area, st_stairs_13, grunt_megastairs_1
Lair:5:   mu_elephants_graveyard, layout_regular_city, slime_altar_1,
          kennysheep_snail_temple
Lair:6:   gammafunk_lair_ancient_temple, layout_regular_city,
          serial_bayou_shore_a
Swamp:1:  layout_basic_swamp, hangedman_swamp_blocks
Swamp:2:  layout_basic_swamp, hangedman_swamp_lotus

Skill      XL: |  1  2  3  4  5  6  7  8  9 10 11 12 13 14 |
---------------+-------------------------------------------+-----
Spellcasting   | 2 3 4 5 7 8 |  8.3
Conjurations   | 4 5 6 8 9 10 11 12 13 | 13.0
Hexes          | 2 4 5 7 8 |  8.2
Translocations | 2 4 5 6 |  6.2
Armour         | 2 4 5 |  5.0
Evocations     | 1 4 |  4.1
Dodging        | 6 7 8 |  8.5
Fighting       | 2 3 |  3.0
Shields        | 4 |  4.0
Air Magic      | 5 8 9 |  9.0
Summonings     | 4 5 |  5.1
Throwing       | 3 |  3.0
Stealth        | |  1.7

Action                   |  1- 3 |  4- 6 |  7- 9 | 10-12 | 13-15 || total
-------------------------+-------+-------+-------+-------+-------++-------
Melee: Unarmed           |    11 |    14 |       |       |       ||    25
       Club              |     9 |       |       |       |       ||     9
       Short sword       |    70 |    78 |       |       |       ||   148
       Dagger            |     4 |       |       |       |       ||     4
       Long sword        |       |    15 |     9 |       |       ||    24
       Mace              |       |       |    33 |       |       ||    33
       Whip              |       |       |   141 |   310 |   340 ||   791
       Staff             |       |       |       |    24 |     9 ||    33
       Morningstar       |       |       |       |       |    10 ||    10
Throw: Dart              |       |     2 |    25 |    19 |    55 ||   101
       Boomerang         |       |       |       |       |     6 ||     6
 Cast: Magic Dart        |    26 |     5 |    16 |    10 |       ||    57
       Searing Ray       |    15 |    36 |    60 |    82 |    44 ||   237
       Dazzling Spray    |       |    19 |    11 |    15 |       ||    45
       Force Lance       |       |       |    21 |    94 |   114 ||   229
       Fulminant Prism   |       |       |     9 |    47 |    34 ||    90
       Static Discharge  |       |       |       |    29 |       ||    29
       Summon Butterflie |       |       |       |     4 |    37 ||    41
       Lightning Bolt    |       |       |       |    22 |    54 ||    76
       Summon Lightning  |       |       |       |     5 |    37 ||    42
Evoke: Wand              |       |       |     8 |    25 |    16 ||    49
       Phial of floods   |       |       |       |     2 |     1 ||     3
  Use: Scroll            |     7 |       |     1 |    21 |     6 ||    35
       Potion            |       |       |     4 |     2 |     8 ||    14
 Stab: Sleeping          |     7 |     3 |       |     2 |       ||    12
       Invisible         |       |       |       |     2 |       ||     2
       Distracted        |       |       |       |       |     1 ||     1
  Eat: Chunk             |     4 |     7 |    21 |    48 |    37 ||   117
       Ration            |       |     1 |     1 |     6 |     6 ||    14
Armor: Robe              |    49 |    29 |    77 |       |       ||   155
       Ring mail         |       |       |    97 |    12 |       ||   109
       Steam dragon scal |       |       |       |    46 |       ||    46
       Acid dragon scale |       |       |       |   157 |   173 ||   330
Dodge: Dodged            |    86 |    94 |   225 |   461 |   354 ||  1220
Block: Buckler           |       |       |       |    84 |   180 ||   264
       Reflection        |       |       |       |       |     6 ||     6
       Rpst.: Long sword |       |     7 |     3 |       |       ||    10
